BR
MONROE MALLARDS @ OCEANSIDE SWAMP FOXES
08/02/2026
 
TOP OF THE 1ST
Matane Serpents batting - Pitching for Oceanside Swamp Foxes : RHP Jorge Guillén
Pitching: RHP Jorge Guillén
Batting: RHB Donovan James 0-0: Ball
1-0: Fly out, F3 (Popup, 3SF)
Batting: RHB Wayne Carter 0-0: Called Strike
0-1: Ball
1-1: Ball
2-1: Ground out 5-3 (Groundball, 15S)
Batting: LHB John Fitzgerald 0-0: Ball
1-0: Ball
2-0: Ball
3-0: Called Strike
3-1: Foul Ball, location: 2F
3-2: Base on Balls
Batting: LHB Enrique Cruz 0-0: Called Strike
0-1: Ball
1-1: Called Strike
1-2: Ball
2-2: Foul Ball, location: 2F
2-2: Strikes out swinging
Top of the 1st over - 0 run(s), 0 hit(s), 0 error(s), 1 left on base; Matane 0 - Oceanside 0
BOTTOM OF THE 1ST
Oceanside Swamp Foxes batting - Pitching for Matane Serpents : RHP Juan Villa
Pitching: RHP Juan Villa
Batting: RHB Carlos Sánchez 0-0: Ball
1-0: Swinging Strike
1-1: Foul Ball, location: 2F
1-2: Foul Ball, location: 2F
1-2: SINGLE (Groundball, 34D)
Batting: SHB David Boyle 0-0: Ball
1-0: Ball
2-0: Ball
3-0: Base on Balls
Carlos Sánchez to second
Batting: LHB Howard Holder 0-0: Grounds out, U3 (Groundball, 3L)
Carlos Sánchez to third
Batting: LHB Hamilton Hughes 0-0: Swinging Strike
0-1: Ball
1-1: Ball
2-1: Fly out, F6 (Popup, 56D)
Batting: SHB Tony Yan 0-0: Ball
1-0: Ball
2-0: Ball
3-0: Base on Balls
Batting: RHB Rob Turner 0-0: Ball
1-0: SINGLE (Groundball, 56D)
Carlos Sánchez scores
David Boyle to third
Tony Yan to second
Runner from 3rd tries for Home, SAFE, no throw or cutoff
Batting: LHB Clinton O'Brien 0-0: Foul Ball, location: 2F
0-1: Ball
1-1: TRIPLE (Line Drive, 89M)
Tony Yan scores
Rob Turner scores
Batting: LHB Luis Aragón 0-0: Ball
1-0: Foul Ball, location: 2F
1-1: SINGLE (Groundball, 4MD)
Clinton O'Brien scores
Batting: SHB Dale Winters 0-0: DOUBLE (Line Drive, 7LM)
Luis Aragón to third
Batting: RHB Carlos Sánchez 0-0: Swinging Strike
0-1: Ball
1-1: Swinging Strike
1-2: Ball
2-2: Ball
3-2: Strikes out swinging
Bottom of the 1st over - 5 run(s), 5 hit(s), 0 error(s), 2 left on base; Matane 0 - Oceanside 5
TOP OF THE 2ND
Matane Serpents batting - Pitching for Oceanside Swamp Foxes : RHP Jorge Guillén
Batting: RHB Evan Morris 0-0: Ball
1-0: Called Strike
1-1: SINGLE (Groundball, 56)
Batting: LHB Allen Boyd 0-0: Fly out, F6 (Popup, 6)
Batting: RHB Ricardo López 0-0: Called Strike
0-1: Foul Ball, location: 2F
0-2: Ball
Evan Morris is caught stealing 2nd base
1-2: Ball
2-2: Foul Ball, location: 2F
2-2: Strikes out looking
Top of the 2nd over - 0 run(s), 1 hit(s), 0 error(s), 0 left on base; Matane 0 - Oceanside 5
BOTTOM OF THE 2ND
Oceanside Swamp Foxes batting - Pitching for Matane Serpents : RHP Juan Villa
Batting: SHB David Boyle 0-0: Foul Ball, location: 2F
0-1: Foul Ball, location: 2F
0-2: Foul Ball, location: 2F
0-2: SINGLE (Line Drive, 6D)
Batting: LHB Howard Holder 0-0: Ball
1-0: Foul Ball, location: 2F
1-1: Foul Ball, location: 2F
1-2: Ball
2-2: Foul Ball, location: 2F
2-2: Foul Ball, location: 2F
2-2: Fly out, F7 (Flyball, 7M)
Batting: LHB Hamilton Hughes 0-0: Ball
1-0: Ball
2-0: Ball
3-0: Base on Balls
David Boyle to second
Batting: SHB Tony Yan 0-0: Fly out, F7 (Flyball, 7M)
Batting: RHB Rob Turner 0-0: Ball
1-0: Ball
2-0: SINGLE (Line Drive, 5D)
David Boyle to third
Hamilton Hughes to second
Runner from 3rd tries for Home, SAFE, throw made at trailing runner, OUT at third!
Bottom of the 2nd over - 1 run(s), 2 hit(s), 0 error(s), 1 left on base; Matane 0 - Oceanside 6
TOP OF THE 3RD
Matane Serpents batting - Pitching for Oceanside Swamp Foxes : RHP Jorge Guillén
Batting: RHB Jody Díaz 0-0: Swinging Strike
0-1: Foul Ball, location: 2F
0-2: Strikes out looking
Batting: LHB William Foley 0-0: Called Strike
0-1: Ball
1-1: Foul Ball, location: 2F
1-2: Strikes out swinging
Batting: RHB Donovan James 0-0: Called Strike
0-1: Fly out, F3 (Popup, 3SF)
Top of the 3rd over - 0 run(s), 0 hit(s), 0 error(s), 0 left on base; Matane 0 - Oceanside 6
BOTTOM OF THE 3RD
Oceanside Swamp Foxes batting - Pitching for Matane Serpents : RHP Juan Villa
Batting: LHB Clinton O'Brien 0-0: Called Strike
0-1: Fly out, F6 (Line Drive, 6)
Batting: LHB Luis Aragón 0-0: Fly out, F7 (Flyball, 7M)
Batting: SHB Dale Winters 0-0: Called Strike
0-1: Ball
1-1: Fly out, F7 (Popup, 78S)
Bottom of the 3rd over - 0 run(s), 0 hit(s), 0 error(s), 0 left on base; Matane 0 - Oceanside 6
TOP OF THE 4TH
Matane Serpents batting - Pitching for Oceanside Swamp Foxes : RHP Jorge Guillén
Batting: RHB Wayne Carter 0-0: Called Strike
0-1: Foul Ball, location: 2F
0-2: Strikes out swinging
Batting: LHB John Fitzgerald 0-0: Ball
1-0: Foul Ball, location: 2F
1-1: Called Strike
1-2: SINGLE (Line Drive, 4MD)
Batting: LHB Enrique Cruz 0-0: Called Strike
0-1: Ball
1-1: Foul Ball, location: 2F
1-2: TRIPLE (Flyball, 89M)
John Fitzgerald scores
Batting: RHB Evan Morris 0-0: 2-RUN HOME RUN (Line Drive, 7LD), Distance : 368 ft
Batting: LHB Allen Boyd 0-0: Called Strike
0-1: DOUBLE (Line Drive, 5D)
Batting: RHB Ricardo López 0-0: Ball
1-0: Reached on error, E4 (Groundball, 4)
Allen Boyd scores
Batting: RHB Jody Díaz 0-0: Called Strike
0-1: Ball
1-1: Ground out 4-3 (Groundball, 4)
Ricardo López to third
Batting: LHB William Foley 0-0: Ball
1-0: Ball
2-0: Called Strike
2-1: Ball
3-1: Base on Balls
Batting: RHB Donovan James 0-0: Ball
1-0: Swinging Strike
1-1: Ball
2-1: Ball
3-1: Foul Ball, location: 2F
3-2: Fly out, F8 (Line Drive, 8RS)
Top of the 4th over - 4 run(s), 4 hit(s), 1 error(s), 2 left on base; Matane 4 - Oceanside 6
BOTTOM OF THE 4TH
Oceanside Swamp Foxes batting - Pitching for Matane Serpents : RHP Juan Villa
Pitching: LHP Al Atkins
Batting: RHB Carlos Sánchez 0-0: Called Strike
0-1: Called Strike
0-2: Foul Ball, location: 2F
0-2: Strikes out swinging
Batting: SHB David Boyle 0-0: Called Strike
0-1: Ball
1-1: Bunt for hit - play at first, batter OUT! 2-3
Batting: LHB Howard Holder 0-0: Ball
1-0: Called Strike
1-1: Ball
2-1: Foul Ball, location: 2F
2-2: Ball
3-2: Strikes out looking
Bottom of the 4th over - 0 run(s), 0 hit(s), 0 error(s), 0 left on base; Matane 4 - Oceanside 6
TOP OF THE 5TH
Matane Serpents batting - Pitching for Oceanside Swamp Foxes : RHP Jorge Guillén
Batting: RHB Wayne Carter 0-0: SINGLE (Line Drive, 7S)
Batting: LHB John Fitzgerald 0-0: Ball
1-0: Called Strike
1-1: Ball
Wayne Carter steals 2nd base
2-1: Foul Ball, location: 2F
2-2: Foul Ball, location: 2F
2-2: Foul Ball, location: 2F
2-2: Ball
3-2: Foul Ball, location: 2F
3-2: SINGLE (Line Drive, 7S)
Wayne Carter to third
Batting: LHB Enrique Cruz 0-0: Ball
1-0: Fly out, F8 (Flyball, 8LS)
Batting: RHB Evan Morris 0-0: Ball
1-0: Called Strike
1-1: Foul Ball, location: 2F
1-2: DOUBLE (Line Drive, 7LM)
Wayne Carter scores
John Fitzgerald to third
Pitching: RHP Esteve Gabirra
Batting: LHB Allen Boyd 0-0: Ball
1-0: Ball
2-0: Called Strike
2-1: Swinging Strike
2-2: Ball
3-2: Base on Balls
Batting: RHB Ricardo López 0-0: Called Strike
0-1: Ball
1-1: Ball
2-1: Swinging Strike
2-2: Grounds into double play, 6-4-3 (Groundball, 6)
Top of the 5th over - 1 run(s), 3 hit(s), 0 error(s), 2 left on base; Matane 5 - Oceanside 6
BOTTOM OF THE 5TH
Oceanside Swamp Foxes batting - Pitching for Matane Serpents : LHP Al Atkins
Batting: LHB Hamilton Hughes 0-0: Ball
1-0: Swinging Strike
1-1: Ball
2-1: Called Strike
2-2: Strikes out looking
Batting: SHB Tony Yan 0-0: Ball
1-0: Foul Ball, location: 2F
1-1: Called Strike
1-2: Ball
2-2: Ball
3-2: Reached on error, E5 (Groundball, 5L)
Batting: RHB Rob Turner 0-0: Ball
1-0: Called Strike
1-1: Fly out, F8 (Flyball, 8LM)
Batting: LHB Clinton O'Brien 0-0: Ball
1-0: Called Strike
1-1: Called Strike
1-2: Ball
2-2: Fly out, F8 (Flyball, 8LM)
Bottom of the 5th over - 0 run(s), 0 hit(s), 1 error(s), 1 left on base; Matane 5 - Oceanside 6
TOP OF THE 6TH
Matane Serpents batting - Pitching for Oceanside Swamp Foxes : RHP Esteve Gabirra
Batting: RHB Jody Díaz 0-0: Called Strike
0-1: Ball
1-1: Swinging Strike
1-2: Strikes out looking
Batting: LHB William Foley 0-0: Ball
1-0: Swinging Strike
1-1: Swinging Strike
1-2: Ball
2-2: Ball
3-2: Foul Ball, location: 2F
3-2: Strikes out swinging
Batting: RHB Donovan James 0-0: Ball
1-0: Swinging Strike
1-1: SOLO HOME RUN (Flyball, 7D), Distance : 397 ft
Batting: RHB Wayne Carter 0-0: Called Strike
0-1: Ball
1-1: Foul Ball, location: 2F
1-2: Foul Ball, location: 2F
1-2: Ball
2-2: Foul Ball, location: 2F
2-2: Strikes out swinging
Top of the 6th over - 1 run(s), 1 hit(s), 0 error(s), 0 left on base; Matane 6 - Oceanside 6
BOTTOM OF THE 6TH
Oceanside Swamp Foxes batting - Pitching for Matane Serpents : LHP Al Atkins
Batting: LHB Luis Aragón 0-0: Ball
1-0: Fly out, F9 (Flyball, 9D)
Batting: SHB Dale Winters 0-0: Called Strike
0-1: Ground out 1-3 (Groundball, 13)
Batting: RHB Carlos Sánchez 0-0: Ball
1-0: Fly out, F8 (Flyball, 8RM)
Bottom of the 6th over - 0 run(s), 0 hit(s), 0 error(s), 0 left on base; Matane 6 - Oceanside 6
TOP OF THE 7TH
Matane Serpents batting - Pitching for Oceanside Swamp Foxes : RHP Esteve Gabirra
Batting: LHB John Fitzgerald 0-0: Ball
1-0: Ball
2-0: Foul Ball, location: 2F
2-1: Swinging Strike
2-2: Ball
3-2: Fly out, F8 (Flyball, 8RD)
Pitching: RHP Júlio Lucchi
Batting: LHB Enrique Cruz 0-0: Foul Ball, location: 2F
0-1: SOLO HOME RUN (Flyball, 9D), Distance : 382 ft
Batting: RHB Evan Morris 0-0: Ball
1-0: Ball
2-0: Foul Ball, location: 2F
2-1: Swinging Strike
2-2: Foul Ball, location: 2F
2-2: Strikes out looking
Batting: LHB Allen Boyd 0-0: Ball
1-0: Ball
2-0: Foul Ball, location: 2F
2-1: Called Strike
2-2: Ball
3-2: Strikes out swinging
Top of the 7th over - 1 run(s), 1 hit(s), 0 error(s), 0 left on base; Matane 7 - Oceanside 6
BOTTOM OF THE 7TH
Oceanside Swamp Foxes batting - Pitching for Matane Serpents : LHP Al Atkins
Pitching: LHP Don MacKinlay
Batting: SHB David Boyle 0-0: Ball
1-0: Ball
2-0: SINGLE (Line Drive, 7LM)
Batting: LHB Howard Holder 0-0: Called Strike
0-1: Foul Ball, location: 2F
0-2: Ball
1-2: Ball
2-2: Strikes out swinging
Batting: LHB Hamilton Hughes 0-0: Ball
1-0: Called Strike
1-1: Foul Ball, location: 2F
1-2: Strikes out swinging
Batting: SHB Tony Yan 0-0: Ball
1-0: Called Strike
1-1: Called Strike
1-2: Ground out 6-3 (Groundball, 6)
Bottom of the 7th over - 0 run(s), 1 hit(s), 0 error(s), 1 left on base; Matane 7 - Oceanside 6
TOP OF THE 8TH
Matane Serpents batting - Pitching for Oceanside Swamp Foxes : RHP Júlio Lucchi
Batting: RHB Ricardo López 0-0: Called Strike
0-1: Ground out 5-3 (Groundball, 5S)
Batting: RHB Jody Díaz 0-0: Called Strike
0-1: Ball
1-1: Ball
2-1: SINGLE (Groundball, 56)
Batting: LHB William Foley 0-0: Ball
1-0: Ball
2-0: 2-RUN HOME RUN (Flyball, 89XD), Distance : 409 ft
Pitching: LHP Al McGuire
Batting: RHB Donovan James 0-0: DOUBLE (Flyball, 89M)
Batting: RHB Wayne Carter 0-0: Called Strike
0-1: Called Strike
0-2: Ball
1-2: Foul Ball, location: 2F
1-2: DOUBLE (Flyball, 7LM)
Donovan James scores
Batting: LHB John Fitzgerald 0-0: Intentional Walk
Batting: LHB Enrique Cruz 0-0: Called Strike
0-1: Foul Ball, location: 2F
0-2: DOUBLE (Line Drive, 9D)
Wayne Carter scores
John Fitzgerald to third
Batting: RHB Evan Morris 0-0: Foul Ball, location: 2F
0-1: Swinging Strike
0-2: Ball
1-2: Strikes out swinging
Batting: LHB Allen Boyd 0-0: Called Strike
0-1: Ball
1-1: DOUBLE (Flyball, 78D)
John Fitzgerald scores
Enrique Cruz scores
Pitching: RHP Silvio Fiermonte
Batting: RHB Ricardo López 0-0: Swinging Strike
0-1: Ball
1-1: Ball
2-1: Ball
3-1: DOUBLE (Line Drive, 6MD)
Allen Boyd scores
Batting: RHB Jody Díaz 0-0: Fly out, F8 (Flyball, 8RM)
Top of the 8th over - 7 run(s), 7 hit(s), 0 error(s), 1 left on base; Matane 14 - Oceanside 6
BOTTOM OF THE 8TH
Oceanside Swamp Foxes batting - Pitching for Matane Serpents : LHP Don MacKinlay
Now in RF: Liam Mahoney
Batting: RHB Rob Turner 0-0: Called Strike
0-1: Ball
1-1: Ball
2-1: Ball
3-1: Called Strike
3-2: Foul Ball, location: 2F
3-2: Foul Ball, location: 2F
3-2: Ground out 6-3 (Groundball, 6)
Batting: LHB Clinton O'Brien 0-0: Ball
1-0: Swinging Strike
1-1: Called Strike
1-2: Ball
2-2: Ball
3-2: Ground out 5-3 (Groundball, 56)
Batting: LHB Luis Aragón 0-0: Fly out, F8 (Flyball, 78S)
Bottom of the 8th over - 0 run(s), 0 hit(s), 0 error(s), 0 left on base; Matane 14 - Oceanside 6
TOP OF THE 9TH
Matane Serpents batting - Pitching for Oceanside Swamp Foxes : RHP Silvio Fiermonte
Batting: LHB William Foley 0-0: Fly out, F5 (Popup, 5SF)
Batting: RHB Donovan James 0-0: Foul Ball, location: 2F
0-1: Swinging Strike
0-2: Ball
1-2: Foul Ball, location: 2F
1-2: Ball
2-2: Foul Ball, location: 2F
2-2: Fly out, F7 (Line Drive, 7S)
Batting: RHB Wayne Carter 0-0: Foul Ball, location: 2F
0-1: Ball
1-1: Ball
2-1: Foul Ball, location: 2F
2-2: Foul Ball, location: 2F
2-2: Ground out 1-3 (Groundball, 15S)
Top of the 9th over - 0 run(s), 0 hit(s), 0 error(s), 0 left on base; Matane 14 - Oceanside 6
BOTTOM OF THE 9TH
Oceanside Swamp Foxes batting - Pitching for Matane Serpents : LHP Don MacKinlay
Now at 2B: Steve Chase
Batting: SHB Dale Winters 0-0: Ball
1-0: Called Strike
1-1: Ball
2-1: Foul Ball, location: 2F
2-2: Foul Ball, location: 2F
2-2: Ball
3-2: Base on Balls
Pitching: RHP Ben Simpson
Batting: RHB Carlos Sánchez 0-0: Foul Ball, location: 2F
0-1: Foul Ball, location: 2F
0-2: DOUBLE (Line Drive, 9LS)
Dale Winters to third
Batting: SHB David Boyle 0-0: Fly out, F6 (Popup, 6D)
Batting: LHB Howard Holder 0-0: Called Strike
0-1: Foul Ball, location: 2F
0-2: Fly out, F8 (Flyball, 8LD)
Runner from 3rd tags up, SCORES, no throw
Batting: LHB Hamilton Hughes 0-0: Ball
1-0: Swinging Strike
1-1: Ball
2-1: Ground out U3 (Groundball, 3S)
Bottom of the 9th over - 1 run(s), 1 hit(s), 0 error(s), 1 left on base; Matane 14 - Oceanside 7
Monday, December 5th, 2016 - OOTP Baseball 17.12 Build 75